 Dungeon Sprint DCSS version 0.19.5 (webtiles) character file.

1255 Mesmaeker13 the Fighter (level 8, -10/127 HPs)
             Began as a Hill Orc Berserker on May 5, 2017.
             Was a Priest of Trog.
             Mangled by a centaur warrior (11 damage)
             ... in the Dungeon (Sprint I: "Red Sonja").
             The game lasted 00:02:40 (670 turns).

Mesmaeker13 the Fighter (Hill Orc Berserker)         Turns: 670, Time: 00:02:40

Health: -10/127    AC:  3    Str: 27    XL:     8   Next: 51%
Magic:  0/8        EV: 16    Int:  7    God:    Trog [***...]
Gold:   267        SH:  0    Dex: 10    Spells: 0 memorised, 7 levels left

rFire  . . .     SeeInvis .     a - +0 mace
rCold  . . .     Gourm    .     f - +1 robe {MR+}
rNeg   . . .     Faith    .     (no shield)
rPois  .         Spirit   +     (no helmet)
rElec  .         Reflect  .     (no cloak)
rCorr  .         Harm     .     (no gloves)
MR     +....     NoTele   +     (no boots)
Stlth  ..........               h - amulet of guardian spirit
                                (no ring)
                                (no ring)

@: berserking (expiring), very quick
A: no striking features
a: Berserk, Trog's Hand, Burn Spellbooks, Renounce Religion


You were in the Dungeon.
You worshipped Trog.
Trog was most pleased with you.
You were not hungry.

You visited 1 branch You collected 412 gold pieces.
You spent 145 gold pieces at shops.

Inventory:

Hand Weapons
 a - a +0 mace (weapon)
Armour
 f - a +1 robe of magic resistance (worn)
Jewellery
 h - an amulet of guardian spirit (around neck)
Wands
 j - a wand of teleportation (1/9)
Scrolls
 i - a scroll of blinking
Potions
 d - 2 potions of curing
 g - 2 potions of magic


   Skills:
 + Level 12.8 Fighting
 + Level 11.8 Maces & Flails
 - Level 2.1 Armour
 + Level 9.1 Dodging


You had 7 spell levels left.
You didn't know any spells.

Dungeon Overview and Level Annotations

Branches:
Dungeon (1/1)

Altars:
Cheibriados
Dithmenos
Elyvilon
Fedhas
Gozag
Hepliaklqana
Kikubaaqudgha
Makhleb
Nemelex Xobeh
Okawaru
Qazlal
Ru
Sif Muna
Trog
Uskayaw
Vehumet
Xom
Yredelemnul
Zin
The Shining One
Jiyva
Lugonu

Shops:
D *


Message History

You sock the centaur warrior!
You kill the centaur warrior!
Trog accepts your kill.
Your Fighting skill increases to level 12!
Your Maces & Flails skill increases to level 11!
Your Dodging skill gained 2 levels and is now at level 9!
You have reached level 8!
The centaur warrior misses you.
You bludgeon the centaur warrior!!
The centaur warrior is moderately wounded.
The centaur warrior hits you!
* * * LOW HITPOINT WARNING * * *
You hit the centaur warrior.
The centaur warrior is heavily wounded.
The centaur warrior hits you!
* * * LOW HITPOINT WARNING * * *
You barely miss the centaur warrior.
The centaur warrior is heavily wounded.
The centaur warrior hits you!
You die...

######################
#<.#..)..#..'..#__#..+
#..').#.[').#§.§c.'..#
#..#####'#####'#@_####
#..####..#...#.####!§#
#..#__####..##(#≈≈≈§§
#..#_____##'#..§§≈§c§
#⌠⌠#_.∩...'..._#§§§c.#
####_..__##_.#'##+####
#_____###+#.# #######
###


You could see a centaur warrior.

Vanquished Creatures
  A centaur warrior (D)
  A slime creature (D)
  Sigmund (D)
  A yak (D)
  An ogre (D)
  A jelly (D)
  Ijyb (D)
7 creatures vanquished.

Notes
Turn   | Place    | Note
-------+----------+-------------------------------------------
     0 | D        | Mesmaeker13 the Hill Orc Berserker began the quest for the Orb.
     0 | D        | Reached XP level 1. HP: 19/19 MP: 1/1
     1 | D        | Noticed Ijyb
     9 | D        | Killed Ijyb
     9 | D        | Reached skill level 5 in Fighting
     9 | D        | Reached XP level 2. HP: 25/29 MP: 2/2
     9 | D        | Reached XP level 3. HP: 31/36 MP: 3/3
    48 | D        | Noticed an ogre
    51 | D        | Killed an ogre
    51 | D        | Reached skill level 7 in Fighting
    51 | D        | Reached XP level 4. HP: 47/47 MP: 4/4
    55 | D        | Noticed Sigmund
    79 | D        | Killed Sigmund
    79 | D        | Reached ** piety under Trog
    79 | D        | Reached skill level 9 in Fighting
    79 | D        | Reached XP level 5. HP: 8/57 MP: 5/5
    79 | D        | Reached XP level 6. HP: 9/64 MP: 6/6
   368 | D        | Found a deep blue altar of Sif Muna.
   370 | D        | Found a radiant altar of Vehumet.
   397 | D        | Found Bileig's Assorted Antiques.
   397 | D        | Found an ancient bone altar of Kikubaaqudgha.
   397 | D        | Found a hazy altar of Hepliaklqana.
   397 | D        | Found a stormy altar of Qazlal.
   397 | D        | Found a hide-covered altar of Uskayaw.
   397 | D        | Found a blossoming altar of Fedhas.
   397 | D        | Found a bloodstained altar of Trog.
   397 | D        | Found an iron altar of Okawaru.
   397 | D        | Found a basalt altar of Yredelemnul.
   397 | D        | Found a glowing golden altar of the Shining One.
   397 | D        | Found a snail-covered altar of Cheibriados.
   397 | D        | Found a sacrificial altar of Ru.
   397 | D        | Found a glowing silver altar of Zin.
   397 | D        | Found a shadowy altar of Dithmenos.
   397 | D        | Found a white marble altar of Elyvilon.
   397 | D        | Noticed a yak
   398 | D        | Found an opulent altar of Gozag.
   403 | D        | Killed a yak
   403 | D        | Reached skill level 10 in Fighting
   403 | D        | Reached XP level 7. HP: 54/73 MP: 7/7
   404 | D        | Found a sparkling altar of Nemelex Xobeh.
   408 | D        | Bought a square copper amulet for 145 gold pieces
   568 | D        | Found a burning altar of Makhleb.
   568 | D        | Found a viscous altar of Jiyva.
   568 | D        | Found a shimmering altar of Xom.
   568 | D        | Found a corrupted altar of Lugonu.
   568 | D        | Noticed a slime creature
   573 | D        | Killed a slime creature
   573 | D        | Reached *** piety under Trog
   573 | D        | Reached skill level 11 in Fighting
   573 | D        | Reached skill level 10 in Maces & Flails
   649 | D        | Noticed a centaur warrior
   650 | D        | Noticed a centaur warrior
   667 | D        | Killed a centaur warrior
   667 | D        | Reached skill level 12 in Fighting
   667 | D        | Reached XP level 8. HP: 25/85 MP: 0/8
   669 | D        | HP: 1/127 [centaur warrior (13)]
   670 | D        | Mangled by a centaur warrior

Skill      XL: |  1  2  3  4  5  6  7 |
---------------+----------------------+-----
Fighting       | 5 7 9 10 12 | 12.8
Maces & Flails | 4 6 8 9 11 | 11.8
Dodging        | 3 4 6 7 9 |  9.1
Armour         | |  2.1

Action                   |  1- 3 |  4- 6 |  7- 9 || total
-------------------------+-------+-------+-------++-------
Melee: Mace              |     9 |    21 |    14 ||    44
Invok: Berserk           |       |     1 |     2 ||     3
  Use: Potion            |     1 |     1 |     1 ||     3
       Scroll            |       |       |     1 ||     1
  Eat: Bread ration      |       |       |     1 ||     1
Armor: Animal skin       |     3 |       |       ||     3
Dodge: Dodged            |     1 |    11 |     5 ||    17
